 Dungeon Crawl Stone Soup version 0.30.1-10-g1249ef9ec4 (webtiles) character file.

Game seed: 11653321112497149437

62 lonewolfV2 the Covered (level 3, -1/29 HPs)
             Began as a Demonspawn Fighter on Oct 26, 2023.
             Killed from afar by Natasha (7 damage)
             ... with a puff of flame
             ... on level 2 of the Dungeon.
             The game lasted 00:03:14 (1518 turns).

lonewolfV2 the Covered (Demonspawn Fighter)         Turns: 1518, Time: 00:03:15

Health: -1/29      AC:  6    Str: 18    XL:     3   Next: 85%
Magic:  3/3        EV: 10    Int:  9    God:
Gold:   26         SH:  5    Dex: 16    Spells: 2/2 levels left

rFire   . . .        a - +0 war axe
rCold   . . .        c - +0 buckler
rNeg    . . .        b - +0 scale mail
rPois   .            (no helmet)
rElec   .            (no cloak)
rCorr   .            (no gloves)
SInv    .            (no boots)
Will    .....        (no amulet)
Stlth   ++           (no ring)
HPRegen 0.24/turn    (no ring)
MPRegen 0.08/turn

%: no passive effects
@: no status effects
A: thin skeletal structure 2
a: no special abilities


You were on level 2 of the Dungeon.
You visited 1 branch of the dungeon, and saw 2 of its levels.

You collected 26 gold pieces.

Inventory:

Hand Weapons
 a - a +0 war axe (weapon)
Armour
 b - a +0 scale mail (worn)
 c - a +0 buckler (worn)
Scrolls
 e - a scroll of identify {unknown}
 f - a scroll of enchant armour {unknown}
 h - 2 scrolls of fog {unknown}
 i - a scroll of immolation {unknown}
 j - 2 scrolls of teleportation {unknown}
Potions
 d - a potion of might
 g - a potion of curing {unknown}
 k - a potion of haste {unknown}
 l - a potion of mutation {unknown}


   Skills:
 - Level 3.0 Fighting
 - Level 1.7 Axes
 + Level 3.3 Armour
 * Level 2.5 Dodging
 - Level 2.6 Shields


You had 2 spell levels left.
You didn't know any spells.
Your spell library contained the following spells:

 Spells                   Type           Power      Damage    Failure   Level
 Slow                     Hex            0%         N/A       85%         1
 Ensorcelled Hibernation  Hex/Ice        0%         N/A       94%         2
 Passwall                 Tmut/Erth      0%         N/A       94%         2
 Confusing Touch          Hex            0%         N/A       99%         3
 Inner Flame              Hex/Fire       0%         N/A       99%         3
 Swiftness                Air            0%         N/A       99%         3
 Vampiric Draining        Necr           0%         2d6       99%         3
 Flame Wave               Conj/Fire      0%         2d4       100%        4
 Sticky Flame             Conj/Fire      0%         2d3       100%        4


Dungeon Overview and Level Annotations

Branches:
Dungeon (2/15)

Altars:

Annotations:
D:2 Natasha


Innate Abilities, Weirdness & Mutations

You have a moderately thin skeletal structure. (Dex +4, Stealth++)


Message History

You slash the worm!
You kill the worm!
There is a stone staircase leading down here.
Key pressed, stopping explore.
Could not explore, unopened door.
Could not explore, unopened door.
Could not explore, unopened door.
You open the door.
Found a brass ring.
A rat comes into view.
There is an open door here.
You open the door.
A kobold comes into view. It is wielding a +0 whip.
There is an open door here.
Natasha, Servant of Life and Death comes into view.
She is carrying a wand of flame (27).
The kobold closely misses you.
Natasha zaps a wand.
The puff of flame hits you. You block the kobold's attack.
You hit the kobold but do no damage. The kobold hits you but does no damage.
Natasha zaps a wand.
The puff of flame misses you.
You hit the kobold.
The kobold is severely wounded.
The kobold hits you with a +0 whip. The kobold hits you with a +0 whip.
Natasha zaps a wand.
The puff of flame hits you.
There is an open door here.
The kobold throws a stone.
The stone closely misses you.
The kobold throws a stone.
The stone hits you but does no damage. The rat attacks as you move away!
The rat bites you but does no damage.
You closely miss the rat. You block the rat's attack.
The rat closely misses you. The kobold hits you with a +0 whip.
You hit the rat but do no damage. You barely miss the kobold.
Natasha opens the door.
The rat bites you but does no damage. The kobold hits you with a +0 whip.
* * * LOW HITPOINT WARNING * * *
You slash the rat!
You kill the rat!
You hit the kobold.
You kill the kobold!
You closely miss Natasha.
Natasha zaps a wand.
The puff of flame hits you!
You die...

.........# #........#.###
#......# #........#....
#......### #........#####
+......'.##########......
#....=.#.#.........######
#..........+.........+.....
.........#.#.........######
.........h†).........+.....
.........#@#.........##.###
+#######.#.#.........##....
..#.#.........######
#.#.........# #
#.#.........###### .
#.######.........+
...#.######.#########
...................##
...#.#..###.#.......'


You could see Natasha.

Vanquished Creatures
  2 adders (D:2)
  A worm (D:2)
  5 ball pythons
  6 endoplasms
  4 goblins (D:1)
  5 hobgoblins (D:1)
  3 quokkas
  3 bats (D:1)
  5 kobolds
  6 rats
40 creatures vanquished.

Notes
Turn   | Place    | Note
-------+----------+-------------------------------------------
     0 | D:1      | lonewolfV2 the Demonspawn Fighter began the quest for the
                  | Orb.
     0 | D:1      | Reached XP level 1. HP: 18/18 MP: 1/1
    45 | D:1      | Reached skill level 1 in Dodging
   154 | D:1      | Gained mutation: You have a somewhat thin skeletal
                  | structure. (Dex +2, Stealth+) [demonic ancestry]
   154 | D:1      | Reached XP level 2. HP: 24/24 MP: 2/2
   816 | D:1      | Gained mutation: You have a moderately thin skeletal
                  | structure. (Dex +4, Stealth++) [demonic ancestry]
   816 | D:1      | Reached XP level 3. HP: 28/29 MP: 3/3
  1504 | D:2      | Noticed Natasha
  1518 | D:2      | Killed from afar by Natasha

Illustrated notes

Levels and vault maps discovered:
D:1:      erik_arrival_triangle_medium, layout_basic, st_stairs_2
D:2:      layout_basic, minmay_misc_feat_enclosed, uniq_natasha

Skill      XL: |  1  2 |
---------------+-------+-----
Dodging        | 1 2 |  2.5
Armour         | 3 |  3.3
Fighting       | |  3.0
Axes           | |  1.7
Shields        | |  2.6

Action                     || total
---------------------------++-------
  Melee: War axe           ||   122
 Armour: Scale mail        ||    54
  Dodge: Dodged            ||    65
  Block: Buckler           ||    38
